 Dungeon Crawl Stone Soup version 0.17-a0-1481-gfdcec5c (webtiles) character file.

48 hexophile the Magician (level 3, 0/28 HPs)
             Began as a Naga Wizard on July 4, 2015.
             Slain by Terence
             ... wielding a +0 falchion
              (7 damage)
             ... on level 2 of the Dungeon.
             The game lasted 00:03:06 (1827 turns).

hexophile the Magician (Naga Wizard)                Turns: 1827, Time: 00:03:06

Health: 0/28       AC:  2    Str:  9    XL:     3   Next: 72%
Magic:  1/8        EV: 10    Int: 19    God:
Gold:   55         SH:  0    Dex:  9    Spells: 4 memorised, 0 levels left

rFire  . . .     SeeInvis +     e - +0 hand axe
rCold  . . .     Clarity  .     a - +0 robe
rNeg   . . .     SustAt   .     (no shield)
rPois  +         Gourm    .     b - +0 hat
rElec  .         Spirit   .     (no cloak)
rCorr  .         Warding  .     (no gloves)
rMut   .         Stasis   .     (no barding)
MR     .....                    (no amulet)
Stlth  ++........               (no ring)
                                (no ring)

@: very slightly contaminated, very slow, not resistant to hostile enchantments,
unstealthy
A: see invisible, deformed body, poison resistance, slowness 2, slow metabolism
1, spit poison 2, AC +1
a: Spit Poison


You were on level 2 of the Dungeon.
You were hungry.

You visited 1 branch of the dungeon, and saw 2 of its levels.

You collected 55 gold pieces.

Inventory:

Hand weapons
 e - a +0 hand axe (weapon)
Missiles
 g - 26 stones (quivered)
Armour
 a - a +0 robe (worn)
 b - a +0 hat (worn)
Scrolls
 f - a scroll of amnesia {unknown}
 h - 2 scrolls of fog {unknown}
 i - a scroll of random uselessness {unknown}
 j - a scroll of immolation {unknown}
 k - a scroll of identify {unknown}
 m - a scroll of noise {unknown}
Potions
 l - a potion of heal wounds {unknown}
Books
 c - a book of Minor Magic

   Spells                             Type                      Level
   a - Magic Dart                     Conjuration                  1
   b - Blink                          Translocation                2
   c - Call Imp                       Summoning                    2
   d - Repel Missiles                 Charms/Air                   2
   e - Slow                           Hexes                        2
   f - Conjure Flame                  Conjuration/Fire             3
   g - Mephitic Cloud                 Conjuration/Poison/Air       3
Comestibles
 d - 3 bread rations


   Skills:
 + Level 1.7 Dodging
 - Level 3.0 Stealth
 * Level 3.7 Spellcasting
 * Level 2.2 Conjurations
   Level 1.0 Summonings
 - Level 1.0 Translocations


You couldn't memorise any spells.
You knew the following spells:

 Your Spells              Type           Power        Failure   Level  Hunger
a - Magic Dart            Conj           ##..         8%          1    None
b - Blink                 Tloc           N/A          17%         2    ##.....
c - Conjure Flame         Conj/Fire      #.......     28%         3    ###....
d - Mephitic Cloud        Conj/Pois/Air  #.......     34%         3    ###....


Dungeon Overview and Level Annotations

Branches:
Dungeon (2/15)

Altars:
Sif Muna

Annotations:
D:2 Terence


Innate Abilities, Weirdness & Mutations

You cannot wear boots.
Your serpentine skin is tough (AC +1).
You have supernaturally acute eyesight.
Armour fits poorly on your strangely shaped body.
Your system is resistant to poisons.
You cover ground very slowly.
You have a slow metabolism.
You can spit poison.


Message History

Terence is severely wounded.
Terence looks more healthy.
Terence hits you with a falchion!
Casting: Magic Dart
Confirm with . or Enter, or press ? or * to list all spells.
You don't have enough magic to cast that spell.
You hit Terence.
Terence is almost dead.
Terence hits you with a falchion.
* * * LOW HITPOINT WARNING * * *
Unknown command.
Use which ability? (? or * to list)
You can't do that.
Throwing (i - inventory):
g - 27 stones (quivered)
Press: ? - help, Shift-Dir - straight line, f/p - Terence
Aim: Terence, wielding a falchion and wearing a chain mail (almost dead)
You throw a stone.
The stone hits Terence but does no damage.
Terence is almost dead.
Terence hits you with a falchion!
You die...

.....##..........#.........).....
.....###########.###.............
#'#### #.................
#.##############.................
...............#.................
#............@...................
[.#..........#.#.#####.#####.....
#.#.#####.. #.#@......#.........
#.#.# # #.#@................
..#.# ..#..############### ..#.#
....#..# #...# ..#.# ......#..#
#.... ...... ....#.#..# #....
.########..... #..# #....
.............. #.## #....
##............ #.# #.##.
##........... #.# ####.


You could see Terence.

Vanquished Creatures
  An ooze (D:1)
  2 worms
  2 giant geckos (D:1)
  A ball python (D:1)
  2 giant cockroaches (D:1)
  7 goblins
  5 hobgoblins
  3 jackals (D:1)
  4 kobolds
  2 giant newts (D:1)
  7 rats
36 creatures vanquished.

Notes
Turn   | Place    | Note
--------------------------------------------------------------
     0 | D:1      | hexophile the Naga Wizard began the quest for the Orb.
     0 | D:1      | Reached XP level 1. HP: 15/15 MP: 4/4
   287 | D:1      | Reached XP level 2. HP: 16/22 MP: 0/6
   935 | D:1      | Reached XP level 3. HP: 28/28 MP: 0/8
  1005 | D:1      | Learned a level 2 spell: Blink
  1009 | D:1      | Learned a level 3 spell: Conjure Flame
  1013 | D:1      | Learned a level 3 spell: Mephitic Cloud
  1720 | D:2      | Found a deep blue altar of Sif Muna.
  1811 | D:2      | Noticed Terence
  1827 | D:2      | Slain by Terence

Vault maps used:
D:1:      matt_arrival_los_fun
D:2:      nicolae_overflow_crystal_walls, overflow_temple_1_default,
          first_bread, uniq_crazy_yiuf_cottage, uniq_terence

Action                   || total
-------------------------++-------
Melee: Hand axe          ||    25
Throw: Stone             ||     1
 Cast: Magic Dart        ||    82
 Abil: Spit Poison       ||     6
  Eat: Chunk             ||     1
